[Event "10th KiiT Festival 2017"]
[Site "Bhubaneshwar"]
[Date "2017.05.27"]
[Round "2"]
[White "Akash Pc, Iyer"]
[Black "Satkar, Chirag"]
[Result "1-0"]
[ECO "A06"]
[WhiteElo "2282"]
[BlackElo "2041"]
[Annotator "NA"]
[PlyCount "129"]
[EventDate "2017.05.26"]
[EventType "swiss"]
[EventCountry "IND"]
[SourceTitle "playchess.com"]
[Source "ChessBase"]
[SourceQuality "1"]
[TimeControl "5400+30"]

1. Nf3 d5 2. g3 Nf6 3. Bg2 c6 4. O-O Bf5 5. d3 h6 6. Nbd2 e6 7. b3 Be7 8. Bb2 O-O 9. Re1 a5 10. a3 Bh7 11. e4 Na6 12. Ne5 Nc5 13. Qe2 Qb6 14. Bd4 Qc7 15. f4 Rad8 16. Qf2 Nfd7 17. Nef3 Na6 18. Kh1 Rfe8 19. Bb2 b5 20. Ne5 Nac5 21. Nxd7 Nxd7 22. e5 c5 23. a4 c4 24. bxc4 dxc4 25. dxc4 bxc4 26. Ne4 Bxe4 27. Bxe4 c3 28. Bc1 Nc5 29. Bf3 Qd7 30. Qg2 Rc8 31. Rd1 Qc7 32. Be3 Red8 33. Bd4 Na6 34. Bb7 Nb4 35. Bxc8 Rxc8 36. Rab1 Nd5 37. Rb5 Bb4 38. f5 Qd7 39. Qf3 Rd8 40. Rd3 Qc6 41. Bf2 Qc7 42. Qe4 Qc6 43. Kg1 Rc8 44. f6 g6 45. Qh4 Kh7 46. Rd4 Qc7 47. Qe4 Qc6 48. Qf3 Qc7 49. Qe2 Qc6 50. Rh4 Qc7 51. Qe4 Bf8 52. Kg2 Nb4 53. Bc5 Qd7 54. Rb7 Qd2+ 55. Kh3 Qxc2 56. Rxf7+ Kg8 57. Rxf8+ Rxf8 58. Qxc2 Nxc2 59. Bxf8 Kxf8 60. Rc4 Ne3 61. Rxc3 Nd5 62. Rc5 Nb6 63. Rxa5 Nd5 64. Rxd5 exd5 65. e6 1-0

[Event "10th KiiT Festival 2017"]
[Site "Bhubaneshwar"]
[Date "2017.05.27"]
[Round "2"]
[White "Kaustuv, Kundu"]
[Black "Soham Datar"]
[Result "1/2-1/2"]
[ECO "B90"]
[WhiteElo "2274"]
[BlackElo "2030"]
[Annotator "NA"]
[PlyCount "130"]
[EventDate "2017.05.26"]
[EventType "swiss"]
[EventCountry "IND"]
[SourceTitle "playchess.com"]
[Source "ChessBase"]
[SourceQuality "1"]
[TimeControl "5400+30"]

1. e4 c5 2. Nf3 d6 3. d4 cxd4 4. Nxd4 Nf6 5. Nc3 a6 6. Be3 e6 7. f3 b5 8. Qd2 b4 9. Nce2 e5 10. Nb3 Nc6 11. O-O-O Be6 12. g4 Be7 13. Ng3 O-O 14. g5 Ne8 15. Kb1 Qc8 16. Nf5 Bd8 17. h4 a5 18. Bb5 a4 19. Nc1 Qb7 20. Qe2 Bxf5 21. exf5 Bb6 22. Bxc6 Qxc6 23. Bxb6 Qxb6 24. f6 Nc7 25. Qe4 Rfe8 26. h5 d5 27. Qg4 Qe6 28. Qxb4 d4 29. Qd2 Nd5 30. Ka1 Reb8 31. fxg7 Ne3 32. g6 h6 33. Nd3 f5 34. Rhe1 f4 35. Rc1 Rc8 36. c3 a3 37. b3 dxc3 38. Rxc3 Rxc3 39. Qxc3 Rc8 40. Nc5 Qd5 41. Rc1 Qxf3 42. Qxe5 Qd5 43. Qxf4 Nf5 44. Qc4 Qxc4 45. Rxc4 Nxg7 46. b4 Nxh5 47. Kb1 Nf6 48. Kc2 Nd7 49. Kb3 Ne5 50. Re4 Nxg6 51. Kxa3 h5 52. Kb3 h4 53. a4 Kf7 54. Nd3 h3 55. Ne5+ Nxe5 56. Rxe5 Rh8 57. Re1 h2 58. Rh1 Ke6 59. Kc4 Kd6 60. Kb5 Kc7 61. Ka6 Ra8+ 62. Kb5 Rh8 63. a5 Kb7 64. Kc5 Rh5+ 65. Kd4 Ka6 1/2-1/2

[Event "10th KiiT Festival 2017"]
[Site "Bhubaneshwar"]
[Date "2017.05.27"]
[Round "2"]
[White "Divya Lakshmi R"]
[Black "Krishna Teja, N."]
[Result "0-1"]
[ECO "B41"]
[WhiteElo "2093"]
[BlackElo "2406"]
[Annotator "NA"]
[PlyCount "114"]
[EventDate "2017.05.26"]
[EventType "swiss"]
[EventCountry "IND"]
[SourceTitle "playchess.com"]
[Source "ChessBase"]
[SourceQuality "1"]
[TimeControl "5400+30"]

1. e4 c5 2. Nf3 e6 3. d4 cxd4 4. Nxd4 a6 5. c4 Nf6 6. Nc3 Bb4 7. Bd3 Nc6 8. Nde2 Qc7 9. a3 Be7 10. O-O Ne5 11. b3 Nfg4 12. Bf4 g5 13. Bxe5 Qxe5 14. g3 Qf6 15. h3 Ne5 16. b4 d6 17. Nd4 Bd7 18. Rc1 Rc8 19. Qe2 Nxc4 20. Bxc4 Qxd4 21. Nb1 b5 22. Bd3 O-O 23. Rfd1 Bf6 24. Rxc8 Rxc8 25. Nd2 Qb2 26. e5 Qxe5 27. Qh5 Kf8 28. Ne4 Ke7 29. Nxf6 Qxf6 30. Qxh7 Qf3 31. Re1 Bc6 32. Be4 Bxe4 33. Qxe4 Qxe4 34. Rxe4 f5 35. Re1 Rc3 36. Ra1 d5 37. Kg2 Kf6 38. h4 gxh4 39. gxh4 e5 40. a4 bxa4 41. Rxa4 Rc6 42. Kf3 d4 43. Ra5 Rd6 44. Ke2 e4 45. b5 axb5 46. Rxb5 Ra6 47. Rb2 Ke5 48. h5 Rh6 49. f3 Rxh5 50. Rb5+ Kf4 51. fxe4 Kxe4 52. Rb8 Rh2+ 53. Ke1 f4 54. Rb3 f3 55. Ra3 d3 56. Ra8 Rh1+ 57. Kd2 f2 0-1

[Event "10th KiiT Festival 2017"]
[Site "Bhubaneshwar"]
[Date "2017.05.27"]
[Round "2"]
[White "Prasant N Nayagam"]
[Black "Sidhant, Mohapatra"]
[Result "0-1"]
[ECO "D00"]
[WhiteElo "2087"]
[BlackElo "2393"]
[Annotator "NA"]
[PlyCount "112"]
[EventDate "2017.05.26"]
[EventType "swiss"]
[EventCountry "IND"]
[SourceTitle "playchess.com"]
[Source "ChessBase"]
[SourceQuality "1"]
[TimeControl "5400+30"]

1. d4 d5 2. Bf4 Nf6 3. e3 e6 4. c3 c5 5. Nd2 Nc6 6. Bd3 Be7 7. Ngf3 Nh5 8. Be5 a6 9. a3 Nxe5 10. Nxe5 Nf6 11. f4 Qc7 12. O-O b5 13. b4 c4 14. Bc2 O-O 15. Qf3 g6 16. Qh3 Kg7 17. Ndf3 a5 18. Ng5 Bd7 19. g4 h6 20. Ngf3 Ne4 21. Bxe4 dxe4 22. Nxd7 Qxd7 23. Ne5 Qd6 24. f5 Bf6 25. Qg3 g5 26. Rfd1 Rfe8 27. Rf1 axb4 28. fxe6 Rxe6 29. axb4 Rxa1 30. Rxa1 Bxe5 31. dxe5 Rxe5 32. Rf1 Qe6 33. Rd1 Rd5 34. Rd4 Rxd4 35. exd4 f5 36. gxf5 Qxf5 37. Qd6 Qg4+ 38. Kh1 Qf4 39. Qxf4 gxf4 40. Kg2 Kf6 41. Kf2 h5 42. Ke2 f3+ 43. Kf2 Kf5 44. Ke3 h4 45. h3 Kg5 46. d5 Kf5 47. Kf2 Ke5 48. d6 Kxd6 49. Ke3 Ke5 50. Kf2 Kf4 51. Kf1 Kg3 52. Kg1 e3 53. Kf1 Kxh3 54. Kg1 Kg3 55. Kf1 h3 56. Kg1 e2 0-1

[Event "10th KiiT Festival 2017"]
[Site "Bhubaneshwar"]
[Date "2017.05.27"]
[Round "2"]
[White "Tarini Goyal"]
[Black "Krishna C R G"]
[Result "0-1"]
[ECO "A80"]
[WhiteElo "2084"]
[BlackElo "2392"]
[Annotator "NA"]
[PlyCount "94"]
[EventDate "2017.05.26"]
[EventType "swiss"]
[EventCountry "IND"]
[SourceTitle "playchess.com"]
[Source "ChessBase"]
[SourceQuality "1"]
[TimeControl "5400+30"]

1. d4 f5 2. Nf3 Nf6 3. g3 g6 4. Bg2 Bg7 5. O-O O-O 6. b3 d6 7. Bb2 c6 8. Nbd2 a5 9. c4 Na6 10. Qc2 Qc7 11. a3 Re8 12. Rfe1 e5 13. dxe5 dxe5 14. e4 Nc5 15. Nh4 fxe4 16. Nxe4 Nfxe4 17. Bxe4 Qf7 18. Rad1 Bg4 19. f3 Be6 20. a4 Qc7 21. Ba3 Bf8 22. Bxg6 hxg6 23. Qxg6+ Qg7 24. Qxg7+ Kxg7 25. Rxe5 Nxb3 26. Bb2 Kf7 27. Rh5 Bc5+ 28. Kg2 Rg8 29. Rh7+ Kf8 30. Rxb7 Bxc4 31. Nf5 Re8 32. Rdd7 Be6 33. Rg7 Rd8 34. Rxg8+ Kxg8 35. Nh6+ Kf8 36. Bg7+ Ke8 37. g4 Rd2+ 38. Kh3 Bd6 39. Kh4 Rxh2+ 40. Kg5 Nd2 41. Kf6 Re2 42. Ra7 Nxf3 43. Rxa5 Bd5 44. Ra8+ Kd7 45. Ra7+ Kc8 46. g5 Nh4 47. g6 Rg2 0-1

[Event "10th KiiT Festival 2017"]
[Site "Bhubaneshwar"]
[Date "2017.05.27"]
[Round "2"]
[White "Lama, Himal"]
[Black "Ravi, Teja S"]
[Result "0-1"]
[ECO "B13"]
[WhiteElo "2073"]
[BlackElo "2369"]
[Annotator "NA"]
[PlyCount "90"]
[EventDate "2017.05.26"]
[EventType "swiss"]
[EventCountry "IND"]
[SourceTitle "playchess.com"]
[Source "ChessBase"]
[SourceQuality "1"]
[TimeControl "5400+30"]

1. e4 c6 2. d4 d5 3. exd5 cxd5 4. Bd3 Nc6 5. c3 Qc7 6. Ne2 Bg4 7. Bf4 Qxf4 8. Nxf4 Bxd1 9. Kxd1 e6 10. Bb5 Bd6 11. Nd3 Nge7 12. Nd2 a6 13. Ba4 f6 14. Re1 Kf7 15. Nf3 g5 16. Kc2 Rac8 17. Nc5 b5 18. Bb3 Bxc5 19. dxc5 Na5 20. a4 Rxc5 21. Nd4 bxa4 22. Bxa4 e5 23. Ne2 Rb8 24. Nc1 Nec6 25. Bxc6 Nxc6 26. Nd3 Rc4 27. Ra3 e4 28. Nc1 Nd4+ 29. Kb1 Nb5 30. Rxa6 Nxc3+ 31. Ka1 Ra4+ 32. Rxa4 Nxa4 33. b3 Nc5 34. Kb2 Rxb3+ 35. Nxb3 Nd3+ 36. Kc3 Nxe1 37. Kd4 Nxg2 38. Kxd5 e3 39. fxe3 Nxe3+ 40. Ke4 Ng4 41. Kf5 Nxh2 42. Nd2 h5 43. Ne4 Ng4 44. Nxg5+ fxg5 45. Kxg5 Nf6 0-1

[Event "10th KiiT Festival 2017"]
[Site "Bhubaneshwar"]
[Date "2017.05.27"]
[Round "2"]
[White "Pranav Anand"]
[Black "Roy Chowdhury, Saptarshi"]
[Result "1/2-1/2"]
[ECO "A53"]
[WhiteElo "2068"]
[BlackElo "2326"]
[Annotator "NA"]
[PlyCount "76"]
[EventDate "2017.05.26"]
[EventType "swiss"]
[EventCountry "IND"]
[SourceTitle "playchess.com"]
[Source "ChessBase"]
[SourceQuality "1"]
[TimeControl "5400+30"]

1. d4 Nf6 2. c4 d6 3. Nc3 Bf5 4. f3 e5 5. dxe5 dxe5 6. Qxd8+ Kxd8 7. e4 Be6 8. Be3 c6 9. O-O-O+ Nbd7 10. Bd3 Bc5 11. Bxc5 Nxc5 12. Nge2 Kc7 13. b3 a5 14. Bc2 Rad8 15. Rxd8 Rxd8 16. Rd1 Rxd1+ 17. Kxd1 Ne8 18. Ng3 f6 19. Kd2 g6 20. Nf1 Bf7 21. Ne3 Kd6 22. Bd3 Nc7 23. Ne2 N7a6 24. Bc2 Nc7 25. Bd3 Be6 26. Nc3 Bd7 27. Kc2 N5e6 28. Ne2 Nc5 29. a3 N7a6 30. Kc3 b5 31. cxb5 cxb5 32. Nd5 b4+ 33. axb4 axb4+ 34. Kc2 Nxd3 35. Kxd3 Bb5+ 36. Ke3 f5 37. Nc1 f4+ 38. Kd2 Bc6 1/2-1/2

[Event "10th KiiT Festival 2017"]
[Site "Bhubaneshwar"]
[Date "2017.05.27"]
[Round "2"]
[White "Manush Shah"]
[Black "Karthik Venkataraman"]
[Result "0-1"]
[ECO "A43"]
[WhiteElo "2056"]
[BlackElo "2317"]
[Annotator "NA"]
[PlyCount "96"]
[EventDate "2017.05.26"]
[EventType "swiss"]
[EventCountry "IND"]
[SourceTitle "playchess.com"]
[Source "ChessBase"]
[SourceQuality "1"]
[TimeControl "5400+30"]

1. d4 c5 2. c3 Nf6 3. Bf4 Qb6 4. Qc1 cxd4 5. cxd4 Nc6 6. e3 g5 7. Bg3 h5 8. Nc3 Qa5 9. a3 h4 10. b4 Qf5 11. Be5 Ng4 12. f4 Ncxe5 13. dxe5 gxf4 14. exf4 Bh6 15. g3 Nxe5 16. Qb1 Qxb1+ 17. Rxb1 Nc6 18. Nf3 hxg3 19. hxg3 e6 20. Ne4 Ke7 21. Rb2 d5 22. Neg5 Bd7 23. b5 Bg7 24. Rxh8 Rxh8 25. bxc6 Bxb2 26. cxd7 f6 27. Nh3 Bxa3 28. f5 e5 29. Nh4 Kxd7 30. Ng6 Rc8 31. g4 Rc1+ 32. Ke2 a5 33. g5 Be7 34. gxf6 Bxf6 35. Nf2 Rc2+ 36. Kf3 e4+ 37. Kg3 Ke8 38. Ng4 Kf7 39. Nf4 d4 40. Nd5 Bg5 41. Bc4 Kf8 42. Ne5 Kg7 43. Kg4 Rg2+ 44. Kh3 Rg1 45. Nd7 Rc1 46. Bb3 e3 47. f6+ Bxf6 48. N7xf6 e2 0-1

[Event "10th KiiT Festival 2017"]
[Site "Bhubaneshwar"]
[Date "2017.05.27"]
[Round "2"]
[White "Nirav Y, Rajasuba"]
[Black "Prasad, Devaki V"]
[Result "1/2-1/2"]
[ECO "B20"]
[WhiteElo "2036"]
[BlackElo "2312"]
[Annotator "NA"]
[PlyCount "70"]
[EventDate "2017.05.26"]
[EventType "swiss"]
[EventCountry "IND"]
[SourceTitle "playchess.com"]
[Source "ChessBase"]
[SourceQuality "1"]
[TimeControl "5400+30"]

1. e4 c5 2. Ne2 e6 3. Nbc3 a6 4. a4 Nc6 5. g3 d5 6. d3 Nf6 7. Bg2 dxe4 8. Nxe4 Be7 9. O-O O-O 10. Nxf6+ Bxf6 11. Nf4 g6 12. c3 Qc7 13. Be3 Ne7 14. Qb3 Nf5 15. Bc1 Rb8 16. a5 Bd7 17. Qa3 Rfd8 18. Re1 Bg7 19. Be4 Nd6 20. Bg2 Rbc8 21. h4 h5 22. Bd2 Re8 23. Rad1 Nb5 24. Qa2 Rcd8 25. Be3 e5 26. Nd5 Qd6 27. Bg5 Rb8 28. Qa1 Bc6 29. Nb6 Bxg2 30. Kxg2 Nc7 31. Qc1 Ne6 32. Bh6 Rbd8 33. Bxg7 Kxg7 34. Qe3 Qc6+ 35. Qe4 Qxe4+ 1/2-1/2

[Event "10th KiiT Festival 2017"]
[Site "Bhubaneshwar"]
[Date "2017.05.27"]
[Round "2"]
[White "Ritam Nag"]
[Black "Aradhya, Garg"]
[Result "0-1"]
[ECO "C24"]
[WhiteElo "2028"]
[BlackElo "2304"]
[Annotator "NA"]
[PlyCount "68"]
[EventDate "2017.05.26"]
[EventType "swiss"]
[EventCountry "IND"]
[SourceTitle "playchess.com"]
[Source "ChessBase"]
[SourceQuality "1"]
[TimeControl "5400+30"]

1. e4 e5 2. Bc4 Nf6 3. d3 Bc5 4. Nc3 Nc6 5. f4 d6 6. f5 Nd4 7. Bg5 c6 8. a3 d5 9. Ba2 dxe4 10. dxe4 Qb6 11. Na4 Qa5+ 12. c3 Nxe4 13. b4 Qxa4 14. cxd4 Qxd1+ 15. Rxd1 Bxd4 16. Nf3 Nc3 17. Nxd4 exd4 18. Rxd4 f6 19. Bd2 Nxa2 20. O-O Kf7 21. Ra1 Bxf5 22. Rxa2 Rhe8 23. Kf2 Re7 24. Bc3 Rae8 25. Rad2 Re3 26. Bb2 Rb3 27. Rf4 Be6 28. Rf3 Rxf3+ 29. Kxf3 Bd5+ 30. Kf2 Re4 31. Rd4 Ke6 32. Rxe4+ Bxe4 33. g4 Kd5 34. Ke3 h6 0-1

[Event "10th KiiT Festival 2017"]
[Site "Bhubaneshwar"]
[Date "2017.05.27"]
[Round "2"]
[White "Barath Kalyan M"]
[Black "Muthaiah AL"]
[Result "1/2-1/2"]
[ECO "E62"]
[WhiteElo "2024"]
[BlackElo "2289"]
[Annotator "NA"]
[PlyCount "114"]
[EventDate "2017.05.26"]
[EventType "swiss"]
[EventCountry "IND"]
[SourceTitle "playchess.com"]
[Source "ChessBase"]
[SourceQuality "1"]
[TimeControl "5400+30"]

1. d4 Nf6 2. Nf3 g6 3. g3 Bg7 4. Bg2 O-O 5. O-O d6 6. c4 Nc6 7. Nc3 Bf5 8. b3 Ne4 9. Bb2 Nxc3 10. Bxc3 Be4 11. Qd2 d5 12. Rfd1 a5 13. e3 e6 14. Ne1 Bxg2 15. Kxg2 a4 16. Nd3 b6 17. Nb4 Qd7 18. cxd5 exd5 19. Nxc6 Qxc6 20. Bb4 Rfc8 21. Rac1 Qb5 22. bxa4 Rxa4 23. a3 Bf8 24. Bxf8 Kxf8 25. Rc3 Rc4 26. Rxc4 dxc4 27. Qc3 Qd5+ 28. f3 c5 29. e4 cxd4 30. Rxd4 Qa5 31. Qxa5 bxa5 32. Rd2 Ke7 33. Kf2 Rb8 34. Rc2 Rb3 35. Rxc4 Rxa3 36. Rc7+ Ke6 37. Ra7 Ra2+ 38. Ke3 a4 39. f4 a3 40. Ra6+ Ke7 41. e5 h5 42. h4 Ra1 43. Kf2 Kd7 44. Kg2 a2 45. Kh2 Kc7 46. Kg2 Kb7 47. Ra3 Kc6 48. Ra6+ Kd5 49. Ra4 Ke6 50. Ra7 Kd5 51. Ra4 Kc5 52. Ra5+ Kd4 53. Ra8 Ke3 54. Ra3+ Ke4 55. Ra7 Ke3 56. Ra3+ Ke4 57. Ra7 Ke3 1/2-1/2

[Event "10th KiiT Festival 2017"]
[Site "Bhubaneshwar"]
[Date "2017.05.27"]
[Round "3"]
[White "Krishna Teja, N."]
[Black "Chakravarthi Reddy, M."]
[Result "0-1"]
[ECO "E91"]
[WhiteElo "2406"]
[BlackElo "2226"]
[Annotator "NA"]
[PlyCount "72"]
[EventDate "2017.05.26"]
[EventType "swiss"]
[EventCountry "IND"]
[SourceTitle "playchess.com"]
[Source "ChessBase"]
[SourceQuality "1"]
[TimeControl "5400+30"]

1. Nf3 g6 2. d4 Bg7 3. c4 d6 4. Nc3 Nf6 5. e4 O-O 6. Be2 Na6 7. Be3 c5 8. d5 e6 9. dxe6 Bxe6 10. Ng5 Bc8 11. Bf4 Re8 12. Bxd6 h6 13. Nxf7 Kxf7 14. e5 Re6 15. O-O Ne8 16. Bg4 Rxe5 17. Qf3+ Qf6 18. Bxe5 Qxf3 19. Bxf3 Bxe5 20. Rad1 Nac7 21. Ne4 Ne6 22. b3 Rb8 23. Rfe1 Bd4 24. g3 b6 25. Kg2 Ba6 26. Bg4 Bb7 27. Kf1 N6g7 28. Bh3 Nf5 29. Bg2 Ba6 30. Nd2 Bc3 31. Bd5+ Kf8 32. Re6 Nc7 33. Rxg6 Nxd5 34. Ne4 Bd4 35. Kg1 Nde7 36. Rg4 Bb7 0-1

[Event "10th KiiT Festival 2017"]
[Site "Bhubaneshwar"]
[Date "2017.05.27"]
[Round "3"]
[White "Sidhant, Mohapatra"]
[Black "Aditya Mittal"]
[Result "1/2-1/2"]
[ECO "B54"]
[WhiteElo "2393"]
[BlackElo "2211"]
[Annotator "NA"]
[PlyCount "50"]
[EventDate "2017.05.26"]
[EventType "swiss"]
[EventCountry "IND"]
[SourceTitle "playchess.com"]
[Source "ChessBase"]
[SourceQuality "1"]
[TimeControl "5400+30"]

1. e4 c5 2. Nf3 d6 3. d4 cxd4 4. Nxd4 Nf6 5. f3 e5 6. Nb3 d5 7. Bg5 Be6 8. Bxf6 gxf6 9. exd5 Qxd5 10. Qxd5 Bxd5 11. Nc3 Be6 12. Nb5 Na6 13. Rd1 Be7 14. c3 O-O 15. Nd6 Bxd6 16. Rxd6 Rad8 17. Rxd8 Rxd8 18. Bxa6 bxa6 19. Nc1 a5 20. Rf1 a4 21. Rf2 Rc8 22. a3 Kf8 23. Rd2 Ke7 24. Kf2 Bc4 25. Ke3 Ke6 1/2-1/2

[Event "10th KiiT Festival 2017"]
[Site "Bhubaneshwar"]
[Date "2017.05.27"]
[Round "3"]
[White "Krishna C R G"]
[Black "Doshi, Moksh Amitbhai"]
[Result "1-0"]
[ECO "A04"]
[WhiteElo "2392"]
[BlackElo "2188"]
[Annotator "NA"]
[PlyCount "45"]
[EventDate "2017.05.26"]
[EventType "swiss"]
[EventCountry "IND"]
[SourceTitle "playchess.com"]
[Source "ChessBase"]
[SourceQuality "1"]
[TimeControl "5400+30"]

1. Nf3 c5 2. e3 Nf6 3. d4 e6 4. Bd3 d5 5. O-O Be7 6. b3 O-O 7. Nbd2 b6 8. Bb2 Bb7 9. Ne5 Nbd7 10. Qf3 Rc8 11. Qh3 Ne4 12. Rad1 Ng5 13. Qh5 f5 14. Nxd7 Qxd7 15. dxc5 bxc5 16. f4 Nf7 17. Rf3 Nd6 18. Rh3 h6 19. Bxg7 Kxg7 20. Qxh6+ Kf7 21. Qh5+ Kf6 22. Qh7 Nf7 23. Rg3 1-0

[Event "10th KiiT Festival 2017"]
[Site "Bhubaneshwar"]
[Date "2017.05.27"]
[Round "3"]
[White "Ravi, Teja S"]
[Black "Singh, Y  Dhanabir"]
[Result "1-0"]
[ECO "A40"]
[WhiteElo "2369"]
[BlackElo "2134"]
[Annotator "NA"]
[PlyCount "75"]
[EventDate "2017.05.26"]
[EventType "swiss"]
[EventCountry "IND"]
[SourceTitle "playchess.com"]
[Source "ChessBase"]
[SourceQuality "1"]
[TimeControl "5400+30"]

1. d4 g6 2. Nf3 Bg7 3. c4 d6 4. Nc3 e5 5. g3 Nc6 6. dxe5 Nxe5 7. Nxe5 Bxe5 8. Bg2 Ne7 9. O-O O-O 10. Bg5 Be6 11. Qd3 Qd7 12. Rfd1 Rfe8 13. Rac1 f6 14. Be3 Nc6 15. Nd5 f5 16. b4 Bg7 17. Qb3 a6 18. b5 axb5 19. cxb5 Ne7 20. Rxc7 Qxc7 21. Nxc7 Bxb3 22. axb3 d5 23. Nxa8 Rxa8 24. Bxd5+ Nxd5 25. Rxd5 Rf8 26. Bc5 Rc8 27. b4 Bf8 28. Bxf8 Rxf8 29. Rd7 Rf7 30. Rxf7 Kxf7 31. Kg2 Ke6 32. Kf3 Kd5 33. Kf4 Kc4 34. b6 Kxb4 35. g4 fxg4 36. e4 Kc5 37. Ke5 h5 38. Kf6 1-0

[Event "10th KiiT Festival 2017"]
[Site "Bhubaneshwar"]
[Date "2017.05.27"]
[Round "3"]
[White "Karthik Venkataraman"]
[Black "Krishnater Kushager"]
[Result "1/2-1/2"]
[ECO "A00"]
[WhiteElo "2317"]
[BlackElo "1953"]
[Annotator "NA"]
[PlyCount "59"]
[EventDate "2017.05.26"]
[EventType "swiss"]
[EventCountry "IND"]
[SourceTitle "playchess.com"]
[Source "ChessBase"]
[SourceQuality "1"]
[TimeControl "5400+30"]

1. b4 d5 2. Bb2 Nf6 3. g3 Bf5 4. Bg2 Nbd7 5. Nf3 e6 6. a3 h6 7. O-O Bd6 8. d3 O-O 9. c4 c6 10. Nc3 a5 11. e4 Bg4 12. cxd5 exd5 13. exd5 axb4 14. axb4 Rxa1 15. Qxa1 cxd5 16. Nh4 Qa8 17. Qb1 g5 18. Nf3 Bxb4 19. Nd4 Qa5 20. Ncb5 Nc5 21. Nd6 Na4 22. N6f5 Kh7 23. h3 Bh5 24. h4 Nxb2 25. Qxb2 Bc3 26. Qxb7 Qb4 27. Qa7 Bxd4 28. Nxd4 gxh4 29. Ne6 Rg8 30. Nf4 1/2-1/2

[Event "10th KiiT Festival 2017"]
[Site "Bhubaneshwar"]
[Date "2017.05.27"]
[Round "3"]
[White "Aradhya, Garg"]
[Black "Shahil Dey"]
[Result "1/2-1/2"]
[ECO "D17"]
[WhiteElo "2304"]
[BlackElo "1755"]
[Annotator "NA"]
[PlyCount "64"]
[EventDate "2017.05.26"]
[EventType "swiss"]
[EventCountry "IND"]
[SourceTitle "playchess.com"]
[Source "ChessBase"]
[SourceQuality "1"]
[TimeControl "5400+30"]

1. d4 d5 2. c4 c6 3. Nf3 Nf6 4. Nc3 dxc4 5. a4 Bf5 6. Ne5 Nbd7 7. Nxc4 Qc7 8. g3 e5 9. dxe5 Nxe5 10. Bf4 Nfd7 11. Bg2 g5 12. Ne3 gxf4 13. Nxf5 O-O-O 14. O-O Bc5 15. Ne4 fxg3 16. hxg3 Nf6 17. Qc2 Nxe4 18. Bxe4 Nd7 19. a5 a6 20. Ra4 Kb8 21. Rc4 Rde8 22. Rd1 Re5 23. Kg2 Nf6 24. Bf3 Qxa5 25. Rc1 Nd7 26. Nh6 Rf8 27. Qd1 Qc7 28. Ng4 Rg5 29. Qd2 Rfg8 30. b4 h5 31. bxc5 hxg4 32. Be4 Nf6 1/2-1/2

[Event "10th KiiT Festival 2017"]
[Site "Bhubaneshwar"]
[Date "2017.05.27"]
[Round "3"]
[White "Dhananjay S"]
[Black "Das, Sayantan"]
[Result "0-1"]
[ECO "A36"]
[WhiteElo "2167"]
[BlackElo "2396"]
[Annotator "NA"]
[PlyCount "58"]
[EventDate "2017.05.26"]
[EventType "swiss"]
[EventCountry "IND"]
[SourceTitle "playchess.com"]
[Source "ChessBase"]
[SourceQuality "1"]
[TimeControl "5400+30"]

1. c4 c5 2. g3 Nc6 3. Bg2 g6 4. Nc3 Bg7 5. a3 d6 6. Rb1 e6 7. d3 Nge7 8. Nf3 b6 9. Bd2 Bb7 10. O-O Qd7 11. b4 Rd8 12. Nb5 Ba8 13. Bf4 e5 14. Bd2 h6 15. Qc1 g5 16. Ne1 O-O 17. Nc2 Kh7 18. a4 Nd4 19. Nbxd4 exd4 20. Bxa8 Rxa8 21. a5 Rae8 22. bxc5 bxc5 23. Qb2 Nc6 24. Rfe1 Re7 25. a6 Qc8 26. Qa3 Rfe8 27. e4 Ne5 28. Kg2 Qg4 29. Rb3 Qf3+ 0-1

[Event "10th KiiT Festival 2017"]
[Site "Bhubaneshwar"]
[Date "2017.05.27"]
[Round "3"]
[White "Nayak Rajesh"]
[Black "Mitrabha, Guha"]
[Result "1-0"]
[ECO "B18"]
[WhiteElo "2067"]
[BlackElo "2299"]
[Annotator "NA"]
[PlyCount "44"]
[EventDate "2017.05.26"]
[EventType "swiss"]
[EventCountry "IND"]
[SourceTitle "playchess.com"]
[Source "ChessBase"]
[SourceQuality "1"]
[TimeControl "5400+30"]

1. e4 c6 2. d4 d5 3. Nd2 dxe4 4. Nxe4 Bf5 5. Ng3 Bg6 6. Nh3 e6 7. Bc4 Bd6 8. O-O Nf6 9. Nf4 Qc7 10. Qf3 Nbd7 11. Bxe6 fxe6 12. Nxe6 Qa5 13. Nf5 Bf8 14. Nexg7+ Bxg7 15. Qe2+ Kd8 16. Qe7+ Kc7 17. Nxg7 b6 18. Bg5 Ne4 19. Bf4+ Kc8 20. f3 Nef6 21. c4 Rg8 22. b4 Rxg7 1-0

[Event "10th KiiT Festival 2017"]
[Site "Bhubaneshwar"]
[Date "2017.05.28"]
[Round "4"]
[White "Krishna Teja, N."]
[Black "Priyanka, Kumari"]
[Result "0-1"]
[ECO "E73"]
[WhiteElo "2406"]
[BlackElo "1941"]
[Annotator "NA"]
[PlyCount "74"]
[EventDate "2017.05.26"]
[EventType "swiss"]
[EventCountry "IND"]
[SourceTitle "playchess.com"]
[Source "ChessBase"]
[SourceQuality "1"]
[TimeControl "5400+30"]

1. d4 Nf6 2. c4 g6 3. Nc3 Bg7 4. e4 d6 5. Be2 O-O 6. Bg5 Na6 7. f4 Qe8 8. e5 Nd7 9. Nf3 f6 10. Bh4 fxe5 11. fxe5 dxe5 12. dxe5 e6 13. Qd4 Nb4 14. Qe4 Nc5 15. Qb1 a6 16. O-O Nc6 17. Bg3 Rf5 18. Bd3 Rf8 19. Be4 Bd7 20. b4 Nxe4 21. Nxe4 Rf5 22. b5 axb5 23. cxb5 Ne7 24. a4 Nd5 25. Nd4 Rxf1+ 26. Qxf1 Qe7 27. Qe1 b6 28. Nc2 c6 29. Bh4 Qf8 30. Nd6 Qf4 31. Bg3 Qg5 32. bxc6 Bxc6 33. Nd4 Bd7 34. Ra3 Rf8 35. Nf3 Qd8 36. a5 Qc7 37. a6 Qc5+ 0-1

[Event "10th KiiT Festival 2017"]
[Site "Bhubaneshwar"]
[Date "2017.05.28"]
[Round "4"]
[White "Das, Sayantan"]
[Black "Singh, S  Vikramjit"]
[Result "1-0"]
[ECO "B66"]
[WhiteElo "2396"]
[BlackElo "2213"]
[Annotator "NA"]
[PlyCount "113"]
[EventDate "2017.05.26"]
[EventType "swiss"]
[EventCountry "IND"]
[SourceTitle "playchess.com"]
[Source "ChessBase"]
[SourceQuality "1"]
[TimeControl "5400+30"]

1. e4 c5 2. Nf3 d6 3. d4 cxd4 4. Nxd4 Nf6 5. Nc3 Nc6 6. Bg5 e6 7. Qd2 a6 8. O-O-O h6 9. Nxc6 bxc6 10. Bf4 d5 11. Qe3 Bb4 12. a3 Be7 13. h4 Qa5 14. Qe1 Kf8 15. Bd3 Ra7 16. Bd2 Qc7 17. exd5 cxd5 18. f4 Rb7 19. Ne2 Nd7 20. Ba5 Qb8 21. Bc3 Nc5 22. g4 Na4 23. Be5 Bd6 24. Qa5 Nb6 25. Bxd6+ Qxd6 26. Qb4 Qxb4 27. axb4 Ra7 28. Nd4 Bd7 29. Kd2 Ke7 30. Ra1 Rha8 31. Ra5 f6 32. b3 e5 33. fxe5 fxe5 34. Nf5+ Bxf5 35. Bxf5 Kd6 36. Rha1 Kc6 37. Bd3 Kb7 38. Ke3 Rf8 39. Bxa6+ Kc7 40. Be2 Rxa5 41. bxa5 Nc8 42. c3 Rf4 43. Bf3 d4+ 44. cxd4 Rxd4 45. Rc1+ Kb8 46. Rc5 Rb4 47. Bd5 Nd6 48. Rc6 Ne8 49. Bc4 Nf6 50. g5 hxg5 51. hxg5 Nh5 52. a6 Nf4 53. Ke4 Nh3 54. Rg6 Nf2+ 55. Kxe5 Ng4+ 56. Kd4 Ka8 57. Rxg7 1-0

[Event "10th KiiT Festival 2017"]
[Site "Bhubaneshwar"]
[Date "2017.05.28"]
[Round "4"]
[White "Iniyan, P."]
[Black "Baivab Mishra"]
[Result "1-0"]
[ECO "A65"]
[WhiteElo "2392"]
[BlackElo "2068"]
[Annotator "NA"]
[PlyCount "48"]
[EventDate "2017.05.26"]
[EventType "swiss"]
[EventCountry "IND"]
[SourceTitle "playchess.com"]
[Source "ChessBase"]
[SourceQuality "1"]
[TimeControl "5400+30"]

1. d4 Nf6 2. c4 c5 3. d5 g6 4. Nc3 Bg7 5. e4 d6 6. Bd3 O-O 7. Nge2 e6 8. O-O exd5 9. cxd5 a6 10. a4 Re8 11. Bg5 Nbd7 12. h3 Qc7 13. Ng3 h6 14. Be3 h5 15. Qd2 c4 16. Bc2 Nc5 17. Bg5 Rb8 18. e5 dxe5 19. d6 Qd8 20. f4 Ne6 21. Bxf6 Bxf6 22. f5 Bg5 23. Qd5 Nf4 24. Qxc4 Qxd6 1-0